AoeStats
← Iguano Pop

Nomad

507925256Analyzed
2v2 RM · 12d ago on Sep 20, 2026· 49m 9s· 4 players
Game mode
Random Map
Map size
176×176
Population
200
Speed
Normal
Resources
Standard
Victory
Conquest
Starting age
Dark Age
Ending age
Imperial Age
RankedLock teamsTeams togetherTeam positionsShared explorationLock speedFull tech treeHidden civsTurbo modeCheats
Victory
Defeat
🇹🇼 Spanish · Taiwan
1370
+14
🇹🇼 Inca · Taiwan
1361
+15
🇨🇳 Persians · China
1348
-15
🇲🇽 Saracens · Mexico
1310
-14
1979Old-Wang
4:04 Loom
13:46 Feudal Age
18:15 Castle Age
17:07 Double-Bit Axe
17:39 Gold Mining
19:46 Gold Shaft Mining
19:29 Husbandry
19:40 Bloodlines
20:24 Bow Saw
24:42 Wheelbarrow
24:36 Scale Barding Armor
28:29 Chain Barding Armor
28:42 Horse Collar
29:55 Stone Mining
30:39 Hand Cart
36:34 Imperial Age
34:59 Forging
37:03 Iron Casting
36:17 Cavalier
37:58 Savar
42:11 Plate Barding Armor
44:39 Light Cavalry
46:24 Blast Furnace
48:45 Two-Man Saw
48:28 Hussar
Iguano Pop
5:23 Loom
13:35 Feudal Age
17:31 Castle Age
15:47 Fletching
19:30 Medium Warships
33:05 Bodkin Arrow
35:58 Town Watch
frankwindchlu
5:11 Loom
12:44 Feudal Age
13:56 Double-Bit Axe
18:16 Castle Age
16:37 Gold Mining
17:13 Horse Collar
18:24 Scale Mail Armor
18:12 Fishing Lines
18:02 Champi Runner
19:24 Champi Warrior
20:29 Bow Saw
21:26 Squires
22:02 Chain Mail Armor
25:34 Wheelbarrow
27:39 Fletching
28:00 Forging
28:07 Gillnets
30:37 Gold Shaft Mining
31:34 Bodkin Arrow
32:45 Iron Casting
31:41 Elite Skirmisher
34:15 Hand Cart
34:30 Heavy Plow
34:22 Stone Mining
43:04 Imperial Age
43:04 Stone Shaft Mining
44:02 Town Watch
46:01 Plate Mail Armor
46:31 Blast Furnace
45:33 Bracer
45:03 Elite Kamayuk
46:08 Conscription
45:49 Fabric Shields
49:24 Crop Rotation
dopeegoo
11:30 Loom
13:50 Feudal Age
15:19 Fishing Lines
21:25 Castle Age
19:18 Double-Bit Axe
19:26 Gold Mining
19:18 Horse Collar
19:55 Fletching
20:17 Forging
21:47 Stone Mining
22:27 Medium Warships
23:52 Clinker Construction
25:25 Wheelbarrow
25:03 Bow Saw
26:03 Gillnets
26:26 Careening
27:14 Town Watch
34:40 Padded Archer Armor
37:19 Husbandry
41:09 Bloodlines
44:40 Imperial Age
43:09 Leather Archer Armor
46:10 Conscription
46:47 Conscription
48:20 Inquisition
Connection lost

Rejoining the realm…

Still unreachable

The connection could not be restored.

Session expired

The server has moved on; the page needs a fresh start.